 Dungeon Crawl Stone Soup version 0.22.1-1-ga44c0e5 (console) character file.

44 erker the Changer (level 3, 0/23 HPs)
             Began as an Octopode Transmuter on Oct 9, 2018.
             Shot with a stone by a goblin (4 damage)
             ... led by Robin
             ... on level 2 of the Dungeon.
             The game lasted 00:03:08 (1043 turns).

erker the Changer (Octopode Transmuter)             Turns: 1043, Time: 00:03:09

Health: 0/23       AC:  1    Str:  9    XL:     3   Next: 62%
Magic:  5/7        EV: 13    Int: 16    God:
Gold:   32         SH:  0    Dex: 12    Spells: 1/7 levels left

rFire    . . .     SeeInvis .     - Unarmed
rCold    . . .     Gourm    .   (no shield)
rNeg     . . .     Faith    +   (helmet restricted)
rPois    .         Spirit   .   b - amulet of faith
rElec    .         Reflect  .   (no ring)
rCorr    .         Harm     .   (no ring)
MR       .....                  (no ring)
Stlth    ++........             (no ring)
HPRegen  0.07/turn              (no ring)
MPRegen  0.10/turn              (no ring)
                                (no ring)
                                (no ring)

@: no status effects
A: almost no armour, stealthy swim, amphibious, 8 rings, constrict 8, camouflage
1, gelatinous body 1
a: no special abilities


You were on level 2 of the Dungeon.
You were not hungry.

You visited 1 branch of the dungeon, and saw 2 of its levels.

You collected 32 gold pieces.

Inventory:

Missiles
 a - 9 arrows
Armour
 j - a +2 buckler
Jewellery
 b - an amulet of faith (around mantle)
Scrolls
 d - 6 scrolls of identify {unknown}
 e - a scroll of blinking {unknown}
 l - a scroll of immolation {unknown}
Potions
 f - 2 potions of might {unknown}
 g - a potion of degeneration {unknown}
 h - a potion of curing {unknown}
 i - a potion of heal wounds {unknown}
 k - a potion of haste {unknown}
Comestibles
 c - 2 rations
 m - 8 chunks of flesh


   Skills:
 - Level 1.0 Fighting
 - Level 2.0 Dodging
 - Level 3.0 Unarmed Combat
 + Level 2.7 Spellcasting
 * Level 3.1 Transmutations
 * Level 0.8 Poison Magic


You had one spell level left.
You knew the following spells:

 Your Spells              Type           Power        Failure   Level  Hunger
a - Beastly Appendage     Tmut           ##....       5%          1    #......
s - Spider Form           Tmut/Pois      #.........   26%         3    ###....
t - Sticks to Snakes      Tmut           ##......     9%          2    ##.....

Your spell library contained the following spells:

 Spells                   Type           Power        Failure   Level  Hunger
 Ice Form                 Ice/Tmut       #.......     69%         4    #####..
 Blade Hands              Tmut           ##........   83%         5    ######.


Dungeon Overview and Level Annotations

Branches:
Dungeon (2/15)

Altars:


Innate Abilities, Weirdness & Mutations

You cannot wear most types of armour.
You are very stealthy in the water. (Stealth+)
You are amphibious.
You can wear up to eight rings at the same time.
You can use your tentacles to constrict eight enemies at once.
Your skin changes colour to match your surroundings (Stealth+).
Your rubbery body absorbs attacks. (AC +1, EV +1)


Message History

Things that are here:
a club x3
Eat one of 9 chunks of flesh? (ye/n/q)
You eat one of the 9 chunks of flesh.
This raw flesh tastes terrible.
Your ball python withers and dies!
You start resting.
A goblin comes into view. It is wielding a dagger.
What are your orders? t - Shout!
Orders for allies: a - Attack new target. r - Retreat! s - Stop attacking. g - Guard the area. f - Follow me.
Anything else - Cancel.
Gang up on whom?
Press: ? - help, Dir - move target cursor, f - goblin
Aim: a goblin, wielding a dagger Attack!
The goblin unwields an uncursed dagger.
The goblin wields a hunting sling.
The goblin shoots a stone.
The stone hits you.
You die...

####### ##
.....## #..
.....
#..##.#.#
......#.## #
#)....##.#
#..#(<@)..#.#
#....)S)....#
####.###g.###
#####.#g...#
......#g##.#
......#.##.#
...........#
.....##.####
....
#g#######


You could see a goblin and a friendly adder.

Vanquished Creatures
  Robin (D:2)
  A dart slug (D:1)
  A leopard gecko (D:1)
  A ball python (D:2)
  3 bats (D:1)
  A giant cockroach (D:1)
  3 hobgoblins
  2 jackals (D:1)
  A kobold (D:1)
  7 goblins
  3 rats (D:1)
24 creatures vanquished.

Vanquished Creatures (collateral kills)
  2 goblins (D:2)
  A hobgoblin (D:2)
  A jackal (D:1)
4 creatures vanquished.

Grand Total: 28 creatures vanquished

Notes
Turn   | Place    | Note
-------+----------+-------------------------------------------
     0 | D:1      | erker the Octopode Transmuter began the quest for the Orb.
     0 | D:1      | Reached XP level 1. HP: 13/13 MP: 3/3
    94 | D:1      | Reached XP level 2. HP: 18/18 MP: 5/5
   103 | D:1      | Learned a level 2 spell: Sticks to Snakes
   917 | D:1      | Reached XP level 3. HP: 23/23 MP: 6/6
   922 | D:1      | Learned a level 3 spell: Spider Form
   992 | D:2      | Noticed Robin
  1016 | D:2      | Killed Robin
  1043 | D:2      | Shot with a stone by a goblin

Skill      XL: |  1  2  3 |
---------------+----------+-----
Transmutations | 3 |  3.1
Fighting       | |  1.0
Dodging        | |  2.0
Unarmed Combat | |  3.0
Spellcasting   | |  2.7
Poison Magic   | |  0.8

Action                   || total
-------------------------++-------
Melee: Unarmed           ||    48
       Constrict         ||    15
       Tentacles         ||     8
       Kick              ||     4
 Cast: Beastly Appendage ||     9
       Sticks to Snakes  ||     3
 Stab: Sleeping          ||     2
  Eat: Chunk             ||     1
Armor: Skin              ||     3
Dodge: Dodged            ||    40
